[Event "ICC tourney 2069 (15 5)"]
[Site "Internet Chess Club"]
[Date "2020.10.18"]
[Round "4"]
[White "Ojas2020"]
[Black "arjun052412"]
[Result "1-0"]
[ICCResult "Black checkmated"]
[WhiteElo "1381"]
[BlackElo "1034"]
[Opening "QGD Slav defense"]
[ECO "D10"]
[NIC "SL.01"]
[Time "15:01:43"]
[TimeControl "900+5"]

1. d4 d5 2. c4 c6 3. Nc3 Nf6 4. Bf4 Bf5 5. Nf3 e6 6. e3 Be7 7. Bd3 Bxd3 8.
Qxd3 O-O 9. O-O Nbd7 10. h3 Rc8 11. Rac1 c5 12. Be5 cxd4 13. exd4 Rxc4 14.
b3 Rc8 15. Rfe1 Nxe5 16. dxe5 Nd7 17. Na4 a6 18. Nc3 Qb6 19. Na4 Nc5 20.
Nxb6 Nxd3 21. Nxc8 Nxe1 22. Nxe7+ Kh8 23. Nxe1 Re8 24. Rc8 Rxc8 25. Nxc8 b5
26. Kf1 d4 27. Ke2 Kg8 28. Kd3 Kf8 29. Kxd4 Ke8 30. Kc5 Kd8 31. Nd6 Kc7 32.
Ne8+ Kb7 33. Nxg7 h6 34. Kd6 Kb6 35. Ke7 Kc5 36. Kxf7 Kd5 37. Nxe6 Kxe5 38.
Nd3+ Ke4 39. Ndc5+ Kd5 40. Kg6 a5 41. Kxh6 a4 42. g4 a3 43. g5 Kc6 44. g6
Kd5 45. g7 Ke5 46. g8=Q Kf5 47. Qg5# {Black checkmated} 1-0

[Event "ICC tourney 2069 (15 5)"]
[Site "Internet Chess Club"]
[Date "2020.10.18"]
[Round "4"]
[White "harkerchess"]
[Black "hi321"]
[Result "1-0"]
[ICCResult "Black checkmated"]
[WhiteElo "1947"]
[BlackElo "1447"]
[Opening "QGD: exchange, positional line"]
[ECO "D35"]
[NIC "QO.16"]
[Time "15:01:34"]
[TimeControl "900+5"]

1. d4 d5 2. c4 e6 3. Nc3 Nf6 4. cxd5 exd5 5. Bg5 Bb4 6. e3 Nc6 7. Bd3 Qd6 8.
Qc2 h6 9. Bh4 Bxc3+ 10. bxc3 Bd7 11. Nf3 a6 12. Bg3 Qe7 13. O-O O-O-O 14.
Rab1 Nb8 15. c4 g5 16. cxd5 Bg4 17. Rfc1 Nxd5 18. Ne5 Be6 19. Be4 Rhf8 20.
Nd3 Nc6 21. Rxb7 Kxb7 22. Qxc6+ Ka7 23. Nc5 Rb8 24. Qxa6# {Black checkmated}
1-0

[Event "ICC tourney 2069 (15 5)"]
[Site "Internet Chess Club"]
[Date "2020.10.18"]
[Round "4"]
[White "akhilv"]
[Black "anandmenon"]
[Result "1-0"]
[ICCResult "Black checkmated"]
[WhiteElo "947"]
[BlackElo "1040"]
[Opening "Four knights: Spanish variation"]
[ECO "C48"]
[NIC "KP.03"]
[Time "15:01:49"]
[TimeControl "900+5"]

1. e4 e5 2. Nf3 Nc6 3. Bb5 Nf6 4. Nc3 g6 5. O-O a5 6. Re1 d5 7. Nxe5 g5 8.
Nxc6 bxc6 9. Bxc6+ Ke7 10. Bxa8 d4 11. e5 dxc3 12. exf6+ Kxf6 13. dxc3 g4
14. Qxd8+ Be7 15. Qxh8+ Kf5 16. Be4+ Ke6 17. Qxc8+ Kf6 18. Qf5+ Kg7 19.
Qxg4+ Kh8 20. Qf5 Bd6 21. Qxh7# {Black checkmated} 1-0

[Event "ICC tourney 2069 (15 5)"]
[Site "Internet Chess Club"]
[Date "2020.10.18"]
[Round "4"]
[White "Newton209"]
[Black "Aquaman"]
[Result "1-0"]
[ICCResult "Black resigns"]
[WhiteElo "975"]
[BlackElo "1194"]
[Opening "Scandinavian defense"]
[ECO "B01"]
[NIC "SD.03"]
[Time "15:01:36"]
[TimeControl "900+5"]

1. e4 d5 2. exd5 Nf6 3. Nc3 Nxd5 4. Bc4 Nxc3 5. bxc3 e6 6. Nf3 Be7 7. d4 c6
8. Bf4 O-O 9. O-O Nd7 10. Ne5 Nf6 11. Rb1 Nd5 12. Bxd5 exd5 13. c4 Bd6 14.
cxd5 cxd5 15. Qf3 Be6 16. Rxb7 Qc8 17. Rb5 Qxc2 18. a3 Qc4 19. Nxc4 dxc4 20.
Bxd6 Rfd8 21. Rc5 Rxd6 22. Qxa8+ {Black resigns} 1-0

[Event "ICC tourney 2069 (15 5)"]
[Site "Internet Chess Club"]
[Date "2020.10.18"]
[Round "4"]
[White "prkukuku"]
[Black "BreatheChessAls"]
[Result "0-1"]
[ICCResult "White checkmated"]
[WhiteElo "1341"]
[BlackElo "1925"]
[Opening "Sicilian defense"]
[ECO "B30"]
[NIC "SI.31"]
[Time "15:01:34"]
[TimeControl "900+5"]

1. e4 c5 2. Nf3 Nc6 3. Bc4 e6 4. Nc3 a6 5. a3 d6 6. d3 g6 7. Bd2 Bg7 8. O-O
Nge7 9. Be3 O-O 10. d4 cxd4 11. Nxd4 b5 12. Nxc6 Nxc6 13. Ba2 Bb7 14. Re1
Rc8 15. f4 Na5 16. Bd4 Nc4 17. Bxg7 Kxg7 18. Qd4+ Kg8 19. Bxc4 Rxc4 20. Qe3
Qc7 21. e5 d5 22. Rad1 b4 23. axb4 Rxb4 24. b3 Rc8 25. Rd3 d4 26. Rxd4 Rxd4
27. Qxd4 Qxc3 28. Qxc3 Rxc3 29. Rc1 Bd5 30. b4 Be4 31. Ra1 Rxc2 32. Rxa6
Rxg2+ 33. Kh1 Rg4# {White checkmated} 0-1

[Event "ICC tourney 2069 (15 5)"]
[Site "Internet Chess Club"]
[Date "2020.10.18"]
[Round "4"]
[White "shreyuppal"]
[Black "JadeTooth"]
[Result "0-1"]
[ICCResult "White checkmated"]
[WhiteElo "1265"]
[BlackElo "1505"]
[Opening "Giuoco Piano"]
[ECO "C54"]
[NIC "IG.02"]
[Time "15:02:08"]
[TimeControl "900+5"]

1. e4 e5 2. Nf3 Nc6 3. Bc4 Bc5 4. c3 Nf6 5. d4 exd4 6. cxd4 Bb4+ 7. Bd2 Nxe4
8. Nc3 Bxc3 9. Bxc3 d5 10. Bd3 O-O 11. Nd2 Nxc3 12. bxc3 Re8+ 13. Be2 Bg4
14. f3 Bf5 15. O-O Qd6 16. c4 dxc4 17. Nxc4 Qxd4+ 18. Qxd4 Nxd4 19. Bd1 Bd3
20. Ba4 b5 21. Rfd1 Ne2+ 22. Kf2 Bxc4 23. Bb3 Bxb3 24. axb3 Nc3 25. Rd7 c5
26. Rc7 Rec8 27. Re7 h6 28. Rc1 Nd5 29. Rd7 Nf4 30. g3 Ne6 31. Ra1 Nd4 32.
Rdxa7 Rxa7 33. Rxa7 Nxb3 34. Rb7 Nd4 35. Ke3 b4 36. Kd2 Nxf3+ 37. Kc2 b3+
38. Kxb3 Nd4+ 39. Kc4 Nf5 40. g4 Nd6+ 41. Kd5 Nxb7 42. Kc4 Na5+ 43. Kc3 Nb3
44. Kxb3 c4+ 45. Kc3 f6 46. Kc2 f5 47. gxf5 Kf7 48. Kc3 Kf6 49. Kc2 Kxf5 50.
Kd2 Kg4 51. Ke2 Kh3 52. Kd2 c3+ 53. Kc2 Kxh2 54. Kc1 Kg2 55. Kd1 Kf2 56. Kc2
Ke2 57. Kc1 g5 58. Kc2 g4 59. Kb3 g3 60. Kc2 g2 61. Kb3 c2 62. Kb2 c1=Q+ 63.
Kb3 Qb1+ 64. Ka3 Ra8# {White checkmated} 0-1

[Event "ICC tourney 2069 (15 5)"]
[Site "Internet Chess Club"]
[Date "2020.10.18"]
[Round "4"]
[White "Tinky"]
[Black "christopherelam"]
[Result "1-0"]
[ICCResult "Black checkmated"]
[WhiteElo "1383"]
[BlackElo "1317"]
[Opening "Dutch defense, Rubinstein variation"]
[ECO "A40"]
[NIC "QO.17"]
[Time "15:01:43"]
[TimeControl "900+5"]

1. d4 e6 2. c4 f5 3. Nc3 c6 4. e4 fxe4 5. Nxe4 d5 6. cxd5 exd5 7. Nc3 Nf6 8.
Nf3 Bg4 9. Be2 Be7 10. O-O O-O 11. h3 Bh5 12. Ne5 Bxe2 13. Qxe2 Re8 14. Qc2
Bd6 15. f4 Nbd7 16. Qb3 Qb6 17. Qxb6 Nxb6 18. Rf3 Rf8 19. Rg3 Nh5 20. Rf3
Rf5 21. g4 Bxe5 22. dxe5 Rf7 23. gxh5 Raf8 24. e6 Rf6 25. f5 Rxf5 26. Rxf5
Rxf5 27. e7 Re5 28. e8=Q+ Rxe8 29. Bg5 Nc4 30. b3 Ne5 31. Kg2 Nf7 32. Bd2
Nd6 33. Re1 Rf8 34. Re7 a6 35. h6 gxh6 36. Bxh6 Rf6 37. Bd2 Rg6+ 38. Kh2 Rf6
39. Bg5 Rf2+ 40. Kg3 Rf7 41. Rxf7 Kxf7 42. Na4 Ne4+ 43. Kf4 Nxg5 44. Kxg5 b5
45. Nc5 a5 46. Kf5 Ke7 47. Ke5 h6 48. a3 h5 49. h4 b4 50. a4 Kf7 51. Nb7 Ke7
52. Nxa5 Kd7 53. Nb7 Kc7 54. Nc5 Kb6 55. Nd3 Kc7 56. Nxb4 Kb6 57. Kd6 Ka5
58. Nxc6+ Kb6 59. Kxd5 Kc7 60. b4 Kb6 61. b5 Kc7 62. a5 Kb7 63. b6 Ka6 64.
Kc5 Kb7 65. Kb5 Ka8 66. Ne5 Kb7 67. a6+ Ka8 68. b7+ Kb8 69. Nc6+ Kc7 70.
b8=Q+ Kd7 71. Qd8+ Ke6 72. Qe7+ Kf5 73. Qe5+ Kg6 74. Qg5+ Kh7 75. Qxh5+ Kg8
76. Ne7+ Kf8 77. Qf5+ Ke8 78. Qg6+ Kd8 79. Qg8+ Kd7 80. Qd5+ Ke8 81. Qg8+
Kd7 82. a7 Kd6 83. a8=Q Kd7 84. Qgd8+ Ke6 85. Qad5+ Kf6 86. Qf8#
{Black checkmated}
1-0

[Event "ICC tourney 2069 (15 5)"]
[Site "Internet Chess Club"]
[Date "2020.10.18"]
[Round "4"]
[White "MYMChessWyatt"]
[Black "sasha-zlodorev"]
[Result "1-0"]
[ICCResult "Black checkmated"]
[WhiteElo "1224"]
[BlackElo "1245"]
[Opening "Philidor's defense"]
[ECO "C41"]
[NIC "KP.10"]
[Time "15:01:33"]
[TimeControl "900+5"]

1. e4 e5 2. Nf3 d6 3. Bc4 Be7 4. Nc3 Nf6 5. O-O O-O 6. d4 exd4 7. Nxd4 Nxe4
8. Nxe4 d5 9. Bd3 dxe4 10. Bxe4 a6 11. Qd3 g6 12. Bh6 Re8 13. Rad1 Nd7 14.
Bxg6 hxg6 15. Ne6 Ne5 16. Qc3 Bxe6 17. Rxd8 Raxd8 18. Qxe5 Bf8 19. Bg5 Rd5
20. Qg3 Rf5 21. Qh4 b5 22. Bf6 Bc4 23. Qh8# {Black checkmated} 1-0

[Event "ICC tourney 2069 (15 5)"]
[Site "Internet Chess Club"]
[Date "2020.10.18"]
[Round "4"]
[White "cooljay"]
[Black "NightMovesTN"]
[Result "0-1"]
[ICCResult "White resigns"]
[WhiteElo "2053"]
[BlackElo "2247"]
[Opening "Robatsch defense: Pseudo-Austrian attack"]
[ECO "B06"]
[NIC "KF.06"]
[Time "15:01:31"]
[TimeControl "900+5"]

1. e4 g6 2. d4 d6 3. Nc3 Bg7 4. f4 a6 5. Nf3 Nd7 6. e5 c5 7. e6 fxe6 8. Ng5
Bxd4 9. Nxe6 Bxc3+ 10. bxc3 Qa5 11. Bb2 Ndf6 12. Bc4 d5 13. Bxd5 Qb6 14. Qe2
Nxd5 15. Ng7+ Kf8 16. O-O-O Ngf6 17. c4 Bg4 {White resigns} 0-1

[Event "ICC tourney 2069 (15 5)"]
[Site "Internet Chess Club"]
[Date "2020.10.18"]
[Round "4"]
[White "turtinator"]
[Black "KukuCoolGuy05"]
[Result "1-0"]
[ICCResult "Black checkmated"]
[WhiteElo "1573"]
[BlackElo "1557"]
[Opening "QGD Slav: 4.Nc3"]
[ECO "D15"]
[NIC "SL.03"]
[Time "15:02:00"]
[TimeControl "900+5"]

1. d4 d5 2. Nf3 Nf6 3. c4 c6 4. Nc3 Bf5 5. Bf4 Nbd7 6. e3 e6 7. Qb3 Nb6 8.
c5 Nc4 9. Bxc4 dxc4 10. Qxb7 Qc8 11. Qb4 Bd3 12. Ne5 Nd5 13. Nxd5 cxd5 14.
Qb5+ Ke7 15. Nxd3 cxd3 16. Bd6+ Kd8 17. Qxd3 Bxd6 18. cxd6 Qb8 19. Qa3 Kd7
20. O-O Rc8 21. Rac1 Qxd6 22. Qd3 g6 23. Qb5+ Kd8 24. Qb7 Qd7 25. Qb4 Ke8
26. Rc5 Rab8 27. Qa3 Qe7 28. Rfc1 Rxc5 29. dxc5 Rc8 30. b4 Qc7 31. Qc3 Ke7
32. a4 Ra8 33. b5 Rb8 34. Qb4 a5 35. Qh4+ Ke8 36. Qxh7 Qe5 37. g3 Rc8 38.
Qg8+ Kd7 39. Qxf7+ Kd8 40. Qf8+ Kd7 41. c6+ Kc7 42. Qe7+ Kb6 43. Qb7#
{Black checkmated}
1-0

[Event "ICC tourney 2069 (15 5)"]
[Site "Internet Chess Club"]
[Date "2020.10.18"]
[Round "4"]
[White "hackerguru"]
[Black "ik2005"]
[Result "1-0"]
[ICCResult "Black checkmated"]
[WhiteElo "1762"]
[BlackElo "1381"]
[Opening "Réti: advance variation"]
[ECO "A09"]
[NIC "RE.17"]
[Time "15:01:48"]
[TimeControl "900+5"]

1. Nf3 d5 2. c4 d4 3. b4 c5 4. e3 dxe3 5. fxe3 cxb4 6. d4 Nc6 7. d5 Na5 8.
Bd2 e6 9. e4 Nf6 10. e5 Nd7 11. d6 Nxe5 12. Nxe5 Qh4+ 13. g3 Qe4+ 14. Qe2
Qxh1 15. Nf3 Bxd6 16. Kf2 Bc5+ 17. Be3 Bxe3+ 18. Kxe3 b6 19. Nbd2 Bb7 20.
Re1 O-O 21. Bg2 Qxe1 22. Qxe1 Rac8 23. Bf1 Rfe8 24. Qb1 Nc6 25. Ne4 Red8 26.
Nfg5 Ne5 27. Bh3 Nxc4+ 28. Kf2 f5 29. Qxb4 Ne5 30. Qe7 Rc2+ 31. Kg1 Rd1+ 32.
Bf1 Bc6 33. Qxe6+ Kf8 34. Nxh7# {Black checkmated} 1-0

[Event "ICC tourney 2069 (15 5)"]
[Site "Internet Chess Club"]
[Date "2020.10.18"]
[Round "4"]
[White "carokantor"]
[Black "Omk"]
[Result "0-1"]
[ICCResult "White resigns"]
[WhiteElo "1652"]
[BlackElo "1535"]
[Opening "Queen's pawn: stonewall attack"]
[ECO "D00"]
[NIC "QP.08"]
[Time "15:01:31"]
[TimeControl "900+5"]

1. d4 d5 2. e3 Nf6 3. Bd3 c5 4. c3 Nc6 5. f4 Bg4 6. Nf3 e6 7. O-O Bd6 8. Qe1
O-O 9. Ne5 Bf5 10. Bxf5 exf5 11. Nd2 Qc7 12. h3 Rac8 13. Qh4 b5 14. g4 cxd4
15. exd4 Ne7 16. g5 Ne4 17. Nxe4 dxe4 18. Bd2 Nd5 19. Rac1 e3 20. Be1 f6 21.
Nd3 Qc4 22. Nc5 fxg5 23. Qxg5 Rf6 24. Kh1 Qxf1+ 25. Kh2 Rg6 {White resigns}
0-1

[Event "ICC tourney 2069 (15 5)"]
[Site "Internet Chess Club"]
[Date "2020.10.18"]
[Round "4"]
[White "jjplaman"]
[Black "chessrex"]
[Result "1/2-1/2"]
[ICCResult "Game drawn by mutual agreement"]
[WhiteElo "1431"]
[BlackElo "1986"]
[Opening "Philidor: López counter-gambit"]
[ECO "C41"]
[NIC "KP.10"]
[Time "15:01:49"]
[TimeControl "900+5"]

1. e4 e5 2. Nf3 d6 3. Bc4 f5 4. Nc3 c6 5. O-O f4 6. d4 Qf6 7. a3 g5 8. dxe5
dxe5 9. b4 g4 10. Nd2 Nd7 11. Bb2 Nh6 12. Qe2 Nb6 13. Bb3 Be6 14. Rad1 O-O-O
15. Nc4 Nxc4 16. Bxc4 Bd6 17. Na4 Bxc4 18. Qxc4 f3 19. Nc5 fxg2 20. Rfe1
Rhe8 21. a4 Kb8 22. a5 Qf7 23. Qxf7 Nxf7 24. Kxg2 Bxc5 25. bxc5 Kc7 26. Kg3
Rg8 27. Bc3 a6 28. Bb2 Rd7 29. Rd3 Kd8 {Game drawn by mutual agreement}
1/2-1/2

[Event "ICC tourney 2069 (15 5)"]
[Site "Internet Chess Club"]
[Date "2020.10.18"]
[Round "4"]
[White "chessplayz"]
[Black "ROWLAND"]
[Result "0-1"]
[ICCResult "White resigns"]
[WhiteElo "1252"]
[BlackElo "1672"]
[Opening "Philidor's defense"]
[ECO "C41"]
[NIC "KP.10"]
[Time "15:01:51"]
[TimeControl "900+5"]

1. e4 e5 2. Nf3 d6 3. Bc4 Be7 4. d3 Nf6 5. Ng5 O-O 6. Nc3 Nc6 7. Be3 Na5 8.
Qd2 Nxc4 9. dxc4 c6 10. O-O-O Ng4 11. Nf3 Nxe3 12. Qxe3 Bg4 13. h3 Bxf3 14.
Qxf3 f5 15. exf5 Bg5+ 16. Kb1 Qf6 17. Ne4 Qxf5 18. Qd3 Rad8 19. g4 Qf4 20.
Rdg1 d5 21. cxd5 cxd5 22. Ng3 e4 23. Qb3 b6 24. h4 Bf6 25. g5 Bd4 26. Ne2
Qxf2 27. Nxd4 Qxd4 28. h5 Rf2 29. h6 g6 30. Rf1 Rdf8 31. Rd1 Rd2 32. c3 Qd3+
33. Ka1 Rff2 34. Qa4 Rxd1+ 35. Rxd1 Qc2 36. Qxc2 Rxc2 37. a3 e3 38. Re1 e2
39. Kb1 Rd2 40. Kc1 Rd1+ 41. Rxd1 exd1=Q+ 42. Kxd1 Kf7 43. Kd2 Ke6 44. Kd3
Kf5 45. Kd4 Kxg5 46. Kxd5 Kf4 47. Ke6 g5 48. Kf7 g4 49. Kg7 g3 50. Kxh7 g2
51. Kg7 g1=Q+ 52. Kf8 Qg6 53. c4 Qh7 54. Ke8 Ke5 55. Kd8 Kd6 {White resigns}
0-1

[Event "ICC tourney 2069 (15 5)"]
[Site "Internet Chess Club"]
[Date "2020.10.18"]
[Round "4"]
[White "steinutz"]
[Black "bengernt"]
[Result "1-0"]
[ICCResult "Black resigns"]
[WhiteElo "1768"]
[BlackElo "1429"]
[Opening "Levitsky attack (Queen's bishop attack)"]
[ECO "D00"]
[NIC "QP.08"]
[Time "15:01:56"]
[TimeControl "900+5"]

1. d4 d5 2. Bg5 h6 3. Bh4 Nf6 4. e3 g6 5. Bxf6 exf6 6. g3 Bg7 7. Bg2 c6 8.
c3 O-O 9. Nd2 Re8 10. Qb3 Qc7 11. Ne2 f5 12. O-O-O Nd7 13. Kb1 Nf6 14. h4 a5
15. a3 Bd7 16. Nf4 h5 17. Rc1 Reb8 18. c4 dxc4 19. Nxc4 Ne4 20. Bxe4 fxe4
21. Nd2 Bf5 22. g4 hxg4 23. h5 Qd6 24. hxg6 Bxg6 25. Rcg1 Bf5 26. Rh5 Be6
27. Nxe6 Qxe6 28. Qxe6 fxe6 29. Rxg4 Rf8 30. Rhg5 Rf7 31. Nxe4 Kf8 32. f4
Re8 33. Nd6 Ree7 34. Nxf7 Rxf7 35. Rxa5 Ke7 36. Kc2 Kd6 37. Kd3 Bf8 38. Rh5
Kc7 39. Rgh4 Be7 40. Rh7 Bxh4 41. Rxf7+ Kb6 42. Ke4 {Black resigns} 1-0

[Event "ICC tourney 2069 (15 5)"]
[Site "Internet Chess Club"]
[Date "2020.10.18"]
[Round "4"]
[White "GGuseinov"]
[Black "IAlwaysWin"]
[Result "1-0"]
[ICCResult "Black resigns"]
[WhiteElo "2717"]
[BlackElo "1951"]
[Opening "Caro-Kann: classical, Spassky variation"]
[ECO "B19"]
[NIC "CK.12"]
[Time "15:02:09"]
[TimeControl "900+5"]

1. e4 c6 2. d4 d5 3. Nd2 dxe4 4. Nxe4 Bf5 5. Ng3 Bg6 6. h4 h6 7. Nf3 Nd7 8.
h5 Bh7 9. Bd3 Bxd3 10. Qxd3 e6 11. Bd2 Ngf6 12. O-O-O Be7 13. Ne4 Nxe4 14.
Qxe4 Nf6 15. Qd3 Qd5 16. c4 Qe4 17. Qb3 c5 18. Rhe1 Qc6 19. d5 exd5 20. Ne5
Qb6 21. Qa4+ Kf8 22. cxd5 Rd8 23. Bc3 Kg8 24. Nc4 Qc7 25. Be5 Qd7 26. Qxd7
Rxd7 27. Bb8 b6 28. d6 Bf8 29. Ne5 Rd8 30. Bc7 Ra8 31. d7 {Black resigns}
1-0

[Event "ICC tourney 2069 (15 5)"]
[Site "Internet Chess Club"]
[Date "2020.10.18"]
[Round "4"]
[White "mahugege"]
[Black "blueocean07"]
[Result "0-1"]
[ICCResult "White checkmated"]
[WhiteElo "1338"]
[BlackElo "1281"]
[Opening "QGD semi-Slav"]
[ECO "D43"]
[NIC "SL.03"]
[Time "15:05:23"]
[TimeControl "900+5"]

1. d4 d5 2. c4 c6 3. Nc3 Nf6 4. Nf3 e6 5. Bg5 Bd6 6. e4 dxe4 7. Nxe4 Be7 8.
Nxf6+ Bxf6 9. Bxf6 Qxf6 10. Be2 O-O 11. Bd3 Nd7 12. Bc2 e5 13. Qd3 e4 14.
Qxe4 Re8 15. Ne5 Nxe5 16. Qxh7+ Kf8 17. Qh8+ Ke7 18. Qh7 g6 19. dxe5 Qxe5+
20. Kd2 Qd4+ 21. Bd3 Rh8 22. Rhe1+ Kf8 23. Re4 Qxb2+ 24. Ke3 Rxh7 25. Re1
Bf5 26. Rf4 Re8+ 27. Kf3 Rxe1 28. Bxf5 Qc3+ 29. Kg4 gxf5+ 30. Kxf5 Qe5+ 31.
Kg4 Qh5+ 32. Kg3 Rg7+ 33. Rg4 Qxg4# {White checkmated} 0-1

[Event "ICC tourney 2069 (15 5)"]
[Site "Internet Chess Club"]
[Date "2020.10.18"]
[Round "4"]
[White "Joselin2k16"]
[Black "ARJUNCHESS05"]
[Result "1-0"]
[ICCResult "Black checkmated"]
[WhiteElo "1314"]
[BlackElo "1305"]
[Opening "English opening"]
[ECO "A13"]
[NIC "EO.64"]
[Time "15:01:40"]
[TimeControl "900+5"]

1. c4 e6 2. Nc3 Nc6 3. g3 b6 4. Bg2 Bb7 5. e3 Ba6 6. b3 Bb4 7. Nge2 Qf6 8.
O-O Nh6 9. Bb2 Bxc3 10. Bxc3 Qg6 11. d4 O-O 12. d5 exd5 13. cxd5 Ne7 14. d6
Bxe2 15. Qxe2 Rae8 16. dxe7 Rxe7 17. Bb4 d6 18. Rac1 Ng4 19. h3 Nf6 20. a4
a5 21. Bc3 Nd5 22. Bd4 Nb4 23. Bc3 h6 24. Bxb4 axb4 25. e4 d5 26. Rfe1 f5
27. Qd3 dxe4 28. Qd5+ Rff7 29. Qa8+ Rf8 30. Qd5+ Re6 31. Rxc7 Rf7 32. Rc8+
Rf8 33. Rxf8+ Kxf8 34. Qa8+ Re8 35. Qd5 h5 36. h4 e3 37. fxe3 Qxg3 38. Re2
f4 39. Qf5+ Kg8 40. Qd5+ Kf8 41. Qd6+ Kg8 42. Qd5+ Kf8 43. Qd6+ Kg8 44. Qxb4
fxe3 45. Qc4+ Kf8 46. Qb4+ Re7 47. Kf1 Ke8 48. Qxb6 Rf7+ 49. Kg1 Rf2 50.
Rxf2 Qxf2+ 51. Kh2 Qxh4+ 52. Kg1 Qf2+ 53. Kh2 h4 54. Qg6+ Kd8 55. Qd6+ Ke8
56. Qc6+ Kf7 57. Qf3+ Qxf3 58. Bxf3 g5 59. Kh3 Kf6 60. Kg4 Kg6 61. a5 Kf6
62. a6 Ke5 63. a7 Kd4 64. a8=Q Kd3 65. Qd5+ Kc2 66. b4 Kc3 67. b5 Kb4 68. b6
Kc3 69. b7 Kc2 70. b8=Q Kc3 71. Qc8+ Kb2 72. Qdb7+ Ka3 73. Qca8#
{Black checkmated}
1-0

[Event "ICC tourney 2069 (15 5)"]
[Site "Internet Chess Club"]
[Date "2020.10.18"]
[Round "4"]
[White "rjc64uk"]
[Black "Jets"]
[Result "1-0"]
[ICCResult "Black resigns"]
[WhiteElo "2069"]
[BlackElo "1572"]
[Opening "Sicilian: Pelikan (Lasker/Sveshnikov) variation"]
[ECO "B33"]
[NIC "SI.35"]
[Time "15:01:29"]
[TimeControl "900+5"]

1. e4 c5 2. Nf3 Nc6 3. d4 cxd4 4. Nxd4 Nf6 5. Nc3 e5 6. Ndb5 d6 7. Nd5 Nxd5
8. exd5 Ne7 9. c3 a6 10. Qa4 Kd7 11. Na7+ Kc7 12. Nxc8 Rxc8 13. Be3 Nxd5 14.
Qc4+ Kb8 15. Qxd5 Qd7 16. O-O-O f5 17. Qxe5 Qa4 18. Qd5 Be7 19. Qb3 Qc6 20.
Be2 b5 21. Bf3 Qd7 22. Bb6 Rc4 23. Be2 Rc6 24. Bd4 Qc7 25. Qd5 Re8 26. Bf3
Rc8 27. Qxc6 Qxc6 28. Bxc6 Rxc6 29. Bxg7 b4 30. Kb1 {Black resigns} 1-0

[Event "ICC tourney 2069 (15 5)"]
[Site "Internet Chess Club"]
[Date "2020.10.18"]
[Round "4"]
[White "moneymo"]
[Black "greasyaluminum"]
[Result "0-1"]
[ICCResult "White resigns"]
[WhiteElo "1347"]
[BlackElo "1472"]
[Opening "Polish (Sokolsky) opening"]
[ECO "A00"]
[NIC "VO.10"]
[Time "15:01:42"]
[TimeControl "900+5"]

1. b4 e5 2. a3 Nf6 3. c4 d5 4. cxd5 Nxd5 5. e4 Nf6 6. Nc3 Bd6 7. Be2 Be6 8.
g4 h6 9. h4 Qd7 10. f3 a5 11. b5 Bc5 12. Nh3 Bd4 13. Qc2 b6 14. Rb1 Qe7 15.
Nd1 Bc5 16. Ne3 Nbd7 17. a4 g6 18. g5 hxg5 19. Nxg5 Nh5 20. Nxe6 fxe6 21.
Ng4 Nf4 22. d4 exd4 23. Bxf4 e5 24. Bg3 g5 25. h5 Bb4+ 26. Kf1 O-O-O 27. Qc6
Nb8 28. Qg6 d3 29. Qf5+ Kb7 30. Bxe5 dxe2+ 31. Kxe2 Rhf8 32. Bf6 Rd2+ 33.
Kf1 Qd6 34. e5 Rd1+ 35. Kg2 Qd2+ 36. Nf2 Rxh1 37. Rxh1 Bc5 38. Qe4+ Ka7 39.
Rf1 Nd7 40. Qc6 Kb8 41. h6 Nxf6 42. exf6 g4 43. f4 Qxf4 44. Ne4 Qxh6 45. Rh1
Qg6 46. Nxc5 Qc2+ 47. Kg3 Qxc5 48. f7 Qxc6 49. bxc6 Rxf7 50. Rh8+ Ka7 51.
Rc8 b5 52. axb5 a4 53. Kxg4 a3 54. Re8 a2 55. Re1 Rf2 56. Ra1 Kb6 57. Kg3
Rb2 58. Kf4 Kxb5 59. Ke5 Kb4 60. Ke6 Kc5 61. Kd7 Kb6 62. Kc8 Kxc6 63. Rc1+
Kb6 64. Ra1 c5 65. Kd7 c4 66. Kd6 c3 67. Kd5 c2 68. Kc4 Rb1 69. Rxa2 c1=Q+
{White resigns}
0-1

[Event "ICC tourney 2069 (15 5)"]
[Site "Internet Chess Club"]
[Date "2020.10.18"]
[Round "4"]
[White "Roger436"]
[Black "Vihaanchowdhary"]
[Result "1-0"]
[ICCResult "Black checkmated"]
[WhiteElo "1677"]
[BlackElo "1457"]
[Opening "French: advance, Steinitz variation"]
[ECO "C02"]
[NIC "FR.03"]
[Time "15:01:57"]
[TimeControl "900+5"]

1. e4 e6 2. d4 d5 3. e5 c5 4. dxc5 Bxc5 5. Nf3 Qb6 6. Qd2 Nc6 7. Nc3 Bb4 8.
a3 Bxc3 9. Qxc3 Nge7 10. Bd3 Ng6 11. Be3 Qc7 12. Bb5 O-O 13. Bc5 Rd8 14. Bd6
Qb6 15. Qb3 Nd4 16. Nxd4 Qxd4 17. O-O Qg4 18. f3 Qg5 19. Rad1 Nf4 20. g3 h5
21. Qb4 Ng6 22. Kg2 h4 23. Rd4 hxg3 24. hxg3 Qe3 25. Re1 Qh6 26. Rh1 Qe3 27.
Be7 Nxe7 28. Qxe7 Rf8 29. Qxf8+ Kxf8 30. Rh8+ Ke7 31. Re8# {Black
checkmated} 1-0

[Event "ICC tourney 2069 (15 5)"]
[Site "Internet Chess Club"]
[Date "2020.10.18"]
[Round "4"]
[White "RM26"]
[Black "aryarsh1"]
[Result "0-1"]
[ICCResult "White checkmated"]
[WhiteElo "1390"]
[BlackElo "1324"]
[Opening "Benko's opening"]
[ECO "A00"]
[NIC "VO.09"]
[Time "15:02:07"]
[TimeControl "900+5"]

1. g3 e5 2. Bg2 Nc6 3. Nf3 Nf6 4. O-O d6 5. d4 exd4 6. Nxd4 Bd7 7. Bg5 Be7
8. Nc3 h6 9. Bxf6 Bxf6 10. Nxc6 Bxc6 11. Nd5 Bxb2 12. Rb1 Bf6 13. Qd3 O-O
14. Nf4 Bxg2 15. Nxg2 b6 16. Rb4 Qe7 17. Rg4 Rfe8 18. Nf4 Bg5 19. Nd5 Qd7
20. h3 c6 21. f4 f5 22. fxg5 fxg4 23. Rf6 cxd5 24. Qg6 Rf8 25. Rf4 Rxf4 26.
gxf4 Qf7 27. Qxd6 hxg5 28. fxg5 Rf8 29. Qg3 Qf1+ 30. Kh2 Rf2+ 31. Qg2 Qxg2#
{White checkmated}
0-1

[Event "ICC tourney 2069 (15 5)"]
[Site "Internet Chess Club"]
[Date "2020.10.18"]
[Round "4"]
[White "arjun-venkat"]
[Black "AdityaBang"]
[Result "0-1"]
[ICCResult "White checkmated"]
[WhiteElo "1327"]
[BlackElo "1368"]
[Opening "Scotch game"]
[ECO "C45"]
[NIC "SO.05"]
[Time "15:01:25"]
[TimeControl "900+5"]

1. e4 e5 2. Nf3 Nc6 3. d4 exd4 4. Nxd4 Bc5 5. Be3 Qf6 6. c3 Nge7 7. Bc4 Nxd4
8. Bxd4 Bxd4 9. Qxd4 Qg6 10. O-O O-O 11. Qe3 d6 12. Nd2 Be6 13. Bb3 Bxb3 14.
axb3 f5 15. Qg3 Qe6 16. Rfe1 f4 17. Qf3 Ng6 18. Qd3 Ne5 19. Qd5 Qxd5 20.
exd5 c6 21. dxc6 bxc6 22. Nf3 Nd3 23. Re7 Nxb2 24. Raxa7 Rxa7 25. Rxa7 Rb8
26. Nd4 c5 27. Ne6 Re8 28. Rxg7+ Kh8 29. g3 Rxe6 30. Rf7 fxg3 31. hxg3 Nd3
32. Rf3 Ne5 33. Re3 Rf6 34. f4 Ng4 35. Rd3 Rg6 36. Kg2 h5 37. Kf3 Rf6 38.
Rd5 Rh6 39. f5 Rf6 40. Kf4 Kg7 41. Kg5 Ne3 42. Rd3 Rxf5+ 43. Kh4 Rf3 44.
Kxh5 Rxg3 45. Rxd6 Nf5 46. Rd5 Kf6 47. Rxc5 Rg5# {White checkmated} 0-1